 Dungeon Crawl Stone Soup version 0.27-a0-1359-ga2a4dfd6fd (webtiles) character file.

Game seed: 8206662928934299451

277 Tocho the Chopper (level 6, 0/79 HPs)
             Began as a Hill Orc Fighter on June 28, 2021.
             Succumbed to an adder's poison
             ... in a sewer.
             The game lasted 00:05:04 (3063 turns).

Tocho the Chopper (Hill Orc Fighter)                Turns: 3063, Time: 00:05:04

Health: 0/79       AC: 23    Str: 21    XL:     6   Next: 25%
Magic:  6/6        EV:  2    Int:  8    God:
Gold:   125        SH:  9    Dex: 10    Spells: 5/5 levels left

rFire    . . .     SeeInvis .   a - +0 war axe
rCold    . . .     Faith    .   c - +0 kite shield
rNeg     + + +     Spirit   .   (armour currently unavailable)
rPois    +         Reflect  .   (helmet currently unavailable)
rElec    .         Harm     .   (cloak currently unavailable)
rCorr    .         Rampage  .   (gloves currently unavailable)
Will     .....     NoTele   +   (boots currently unavailable)
Stlth    +.........             (no amulet)
HPRegen  0.23/turn              (no ring)
MPRegen  0.10/turn              (no ring)

@: lethally poisoned (0 -> -4), tree-form, very slow
A: stationary, stasis, torment immunity, boosted hp
a: no special abilities


You were in a sewer.
You were a tree.
You visited 1 branch of the dungeon, and saw 3 of its levels.
You also visited: Sewer.

You collected 125 gold pieces.

Inventory:

Hand Weapons
 a - a +0 war axe (weapon)
Missiles
 l - 6 silver boomerangs (quivered)
 m - 20 poisoned darts
Armour
 b - a +0 scale mail (melded)
 c - a +0 kite shield (worn)
 f - a +0 hat
 j - a +0 helmet (melded)
Scrolls
 e - a scroll of enchant armour {unknown}
 g - a scroll of enchant weapon {unknown}
 k - a scroll of blinking {unknown}
 n - 2 scrolls of identify {unknown}
 o - a scroll of magic mapping {unknown}
 p - a scroll of acquirement {unknown}
Potions
 d - a potion of might
 h - a potion of lignification
 i - 5 potions of curing {unknown}
 q - 2 potions of flight {unknown}


   Skills:
 + Level 4.4 Fighting
 + Level 5.1 Axes
 + Level 1.6 Throwing
 + Level 4.6 Armour
 + Level 1.2 Dodging
 + Level 3.8 Shields


You had 5 spell levels left.
You didn't know any spells.
Your spell library was empty.

Dungeon Overview and Level Annotations

Branches:
Dungeon (3/15)              Sewer (1/1)

Altars:


Message History

The endoplasm splashes around in the water.
Your unstable footing causes you to fumble your attack.
The endoplasm freezes you.
You are frozen.
The endoplasm freezes you.
You are frozen.
* * * LOW HITPOINT WARNING * * *
You slash the endoplasm!
You kill the endoplasm!
You block the adder's attack.
Your unstable footing causes you to fumble your attack.
You block the adder's attack. x2
Your unstable footing causes you to fumble your attack.
The adder bites you but does no damage. The adder bites you.
* * * LOW HITPOINT WARNING * * *
Your unstable footing causes you to fumble your attack.
The adder bites you.
* * * LOW HITPOINT WARNING * * *
You are poisoned.
The adder poisons you! The adder bites you.
* * * LOW HITPOINT WARNING * * *
You miss the adder.
You feel sick. You block the adder's attack.
The adder bites you but does no damage.
Your unstable footing causes you to fumble your attack.
You feel sick. The adder closely misses you. The adder bites you.
* * * LOW HITPOINT WARNING * * *
You are lethally poisoned!
The adder poisons you!
You slash the adder!
The adder is almost dead.
* * * LOW HITPOINT WARNING * * *
You feel very sick. The adder bites you.
* * * LOW HITPOINT WARNING * * *
You block the adder's attack.
It was a potion of lignification.
You turn into a tree.
Your +0 helmet melds into your body.
Your +0 scale mail melds into your body.
Your roots penetrate the ground.
You die...

##### # ##≈≈.##
.≈#
#.....#####≈≈≈..
#≈..≈.≈≈♣S≈≈....
#..≈..#####≈....
##...## .≈#
##≈## # #†# #≈#
##≈## ##...##
#.∩..≈#


You could see an adder.

Vanquished Creatures
  2 orc priests (D:2)
  Natasha (thrice) (D:2)
  Robin (D:2)
  4 adders
  A river rat (Sewer)
  2 worms (D:2)
  A dart slug (D:1)
  4 orcs (D:2)
  5 ball pythons
  6 bats (D:1)
  10 endoplasms
  A giant cockroach (D:3)
  17 goblins
  5 hobgoblins
  3 quokkas
  7 kobolds
  3 rats (D:1)
75 creatures vanquished.

Notes
Turn   | Place    | Note
-------+----------+-------------------------------------------
     0 | D:1      | Tocho the Hill Orc Fighter began the quest for the Orb.
     0 | D:1      | Reached XP level 1. HP: 19/19 MP: 1/1
   289 | D:1      | Reached XP level 2. HP: 25/27 MP: 2/2
   411 | D:1      | Found a faded altar of an unknown god.
   612 | D:1      | Reached skill level 3 in Axes
   867 | D:1      | Reached XP level 3. HP: 33/33 MP: 3/3
  1277 | D:2      | Noticed Robin
  1306 | D:2      | Killed Robin
  1307 | D:2      | Reached XP level 4. HP: 23/40 MP: 4/4
  1590 | D:2      | Reached skill level 4 in Axes
  1590 | D:2      | Reached XP level 5. HP: 15/47 MP: 5/5
  1596 | D:2      | Reached skill level 1 in Throwing
  2373 | D:2      | Noticed Natasha
  2384 | D:2      | Killed Natasha
  2583 | D:2      | Reached skill level 1 in Dodging
  2660 | D:2      | Noticed Natasha
  2669 | D:2      | Killed Natasha
  2760 | D:2      | Noticed Natasha
  2773 | D:2      | Killed Natasha
  2774 | D:2      | Reached XP level 6. HP: 36/53 MP: 6/6
  2945 | D:3      | Found a glowing drain.
  2980 | D:3      | Reached skill level 5 in Axes
  2988 | Sewer    | Entered a sewer
  3062 | Sewer    | HP: 1/53 [adder (3)]
  3063 | Sewer    | Succumbed to an adder's poison

Illustrated notes

Levels and vault maps discovered:
D:1:      wander_arrival_chamber, layout_loops_corners,
          shapermc_ecumenical_altar_venn, st_stairs_6, minmay_misc_feat_five
D:2:      cheibrodos_pilgrimage, layout_rooms, uniq_robin, uniq_natasha
D:3:      layout_rooms, nicolae_overflow_hidden_temple,
          gammafunk_temple_overflow_arena, gup_sewer_entry_glass
Sewer:    sewer_co_15_rooms

Skill      XL: |  1  2  3  4  5  6 |
---------------+-------------------+-----
Fighting       | 4 |  4.4
Axes           | 3 4 5 |  5.1
Armour         | 4 |  4.6
Throwing       | 1 |  1.6
Dodging        | 1 |  1.2
Shields        | |  3.8

Action                   |  1- 3 |  4- 6 || total
-------------------------+-------+-------++-------
Melee: War axe           |    77 |   150 ||   227
Throw: Boomerang         |    16 |    16 ||    32
  Use: Potion            |       |     1 ||     1
Armor: Scale mail        |    56 |    54 ||   110
Dodge: Dodged            |    25 |    42 ||    67
Block: Kite shield       |    45 |    77 ||   122

Table legend: (Time is in decaauts)
 A = Elapsed time spent in this place.
 B = Non-inter-level travel time spent in this place.
 C = Inter-level travel time spent in this place.
 D = Time resting spent in this place.
 E = Time spent auto-exploring this place.
 F = Levels seen in this place.
 G = Mean time per level.
                   A        B        C        D        E       F      G
               +--------+--------+--------+--------+--------+-----+--------+
         Total |   3213 |   3108 |    105 |    427 |   2070 |   4 |  803.2 |
       Dungeon |   3116 |   3011 |    105 |    427 |   2040 |   3 | 1038.7 |
         Sewer |     97 |     97 |      0 |      0 |     30 |   1 |   97.0 |
               +--------+--------+--------+--------+--------+-----+--------+

Top non-repeatable levels by time:
     D:2: 1773 daAuts
     D:1: 1248 daAuts
   Sewer: 97 daAuts
     D:3: 93 daAuts
